 Dungeon Crawl Stone Soup version 0.25.0-11-g1f837a76a1 (webtiles) character file.

Game seed: 13929145501085257855

21 Donthurtboomboom the Firebug (level 2, -1/20 HPs)
             Began as a Centaur Fire Elementalist on June 26, 2020.
             Slain by a worm (7 damage)
             ... on level 2 of the Dungeon.
             The game lasted 00:09:14 (1509 turns).

Donthurtboomboom the Firebug (CeFE)                 Turns: 1509, Time: 00:09:15

Health: -1/20      AC:  5    Str:  8 (10) XL:     2   Next: 62%
Magic:  2/4        EV:  9    Int: 12 (14) God:
Gold:   19         SH:  0    Dex:  7 (9)  Spells: 3/4 levels left

rFire    . . .     SeeInvis .   d - +0 dagger
rCold    . . .     Gourm    .   (no shield)
rNeg     . . .     Faith    .   a - +0 robe
rPois    .         Spirit   .   b - +0 helmet
rElec    .         Reflect  .   (no cloak)
rCorr    .         Harm     .   (no gloves)
MR       .....                  (no barding)
Stlth    +.........             (no amulet)
HPRegen  0.06/turn              (no ring)
MPRegen  0.09/turn              (no ring)

@: very slightly contaminated, very quick
A: large, hooves 3, deformed body, speed 2, tough skin 3
a: no special abilities


You were on level 2 of the Dungeon.
You were not hungry.

You visited 1 branch of the dungeon, and saw 2 of its levels.

You collected 19 gold pieces.

Inventory:

Hand Weapons
 d - a +0 dagger (weapon)
Armour
 a - a +0 robe (worn)
 b - a +0 helmet (worn)
Scrolls
 g - a scroll of enchant armour {unknown}
Potions
 f - 2 potions of lignification
Comestibles
 c - 5 rations


   Skills:
 + Level 1.4 Dodging
 + Level 1.2 Stealth
 + Level 1.8 Spellcasting
 + Level 1.1 Conjurations
 + Level 3.1 Fire Magic


You had 3 spell levels left.
You knew the following spells:

 Your Spells              Type           Power        Failure   Level  Hunger
a - Foxfire               Conj/Fire      #...         12%         1    ##.....

Your spell library contained the following spells:

 Spells                   Type           Power        Failure   Level  Hunger
 Conjure Flame            Conj/Fire      #.......     34%         3    ####...
 Inner Flame              Hex/Fire       #.......     41%         3    ####...
 Sticky Flame             Conj/Fire      #.......     75%         4    #####..
 Fireball                 Conj/Fire      #.........   97%         5    ######.


Dungeon Overview and Level Annotations

Branches:
Dungeon (2/15)

Altars:


Innate Abilities, Weirdness & Mutations

You have hooves in place of feet.
Armour fits poorly on your strangely shaped body.
You cover ground very quickly.
You have extremely tough skin. (AC +3)


Message History

You conjure some foxfire!
The worm bites you!
You barely miss the worm.
The foxfire hits the worm.
The worm is moderately wounded.
The foxfire hits the worm.
The worm is moderately wounded.
You hit the worm but do no damage.
The worm is moderately wounded.
The worm barely misses you.
You hit the worm but do no damage. You kick the worm!
The worm is severely wounded.
The worm bites you!
* * * LOW HITPOINT WARNING * * *
As you read the scroll labeled NODDAM SIOMM, it crumbles to dust.
It is a scroll of identify.
f - 2 potions of lignification It was a potion of degeneration.
There was something very wrong with that liquid.
You feel weakened.
You feel dopey.
You feel clumsy. The worm bites you!
You die...

#.#.#.#####
#....)#...#
#..#.รท....#
##...##...#
#.#.....##
#...##..####
##.#........
##.......##
#...@....#
#.##w##..#
#. #........
#. #.##.####
#. #.# # #.
#.# #. #.#
#.#


You could see a worm.

Vanquished Creatures
  An ooze (D:1)
  A dart slug (D:1)
  A bat (D:1)
  3 goblins
  2 hobgoblins
  A frilled lizard (D:1)
  3 kobolds (D:1)
  2 rats (D:1)
14 creatures vanquished.

Vanquished Creatures (others)
  12 foxfires
12 creatures vanquished.

Grand Total: 26 creatures vanquished

Notes
Turn   | Place    | Note
-------+----------+-------------------------------------------
     0 | D:1      | Donthurtboomboom the Centaur Fire Elementalist began the
                  | quest for the Orb.
     0 | D:1      | Reached XP level 1. HP: 14/14 MP: 3/3
   304 | D:1      | Reached skill level 1 in Conjurations
   738 | D:1      | Reached XP level 2. HP: 20/20 MP: 1/4
   892 | D:1      | Reached skill level 3 in Fire Magic
  1509 | D:2      | Slain by a worm

Illustrated notes

Levels and vault maps discovered:
D:1:      lightli_arrival_farm, layout_loops_ring, grunt_decor_one_mirror
D:2:      layout_loops_ring, fedhas_altar_4, first_ration

Skill      XL: |  1  2 |
---------------+-------+-----
Conjurations   | 1 |  1.1
Fire Magic     | 3 |  3.1
Dodging        | |  1.4
Stealth        | |  1.2
Spellcasting   | |  1.8

Action                   || total
-------------------------++-------
Melee: Dagger            ||    51
       Kick              ||     8
       Unarmed           ||     1
 Cast: Foxfire           ||    16
  Use: Scroll            ||     1
       Potion            ||     1
  Eat: Chunk             ||     2
Armor: Robe              ||    23
Dodge: Dodged            ||    31
